 Dungeon Sprint DCSS version 0.23.2-1-ga50397a6bc (webtiles) character file.

Game seed: 4998901401509557076

1253 Kobolds4U the Fencer (level 8, -2/123 HPs)
             Began as a Minotaur Berserker on May 10, 2019.
             Was a Priest of Trog.
             Slain by a demonic crawler (5 damage)
             ... in the Dungeon (Sprint I: "Red Sonja").
             The game lasted 00:02:45 (959 turns).

Kobolds4U the Fencer (Minotaur Berserker)            Turns: 959, Time: 00:02:46

Health: -2/123     AC:  7    Str: 27    XL:     8   Next: 26%
Magic:  7/7        EV: 15    Int:  4    God:    Trog [***...]
Gold:   297        SH:  0    Dex: 12    Spells: 7/7 levels left

rFire    . . .     SeeInvis .   a - +0 falchion
rCold    . . .     Gourm    .   (no shield)
rNeg     . . .     Faith    .   j - +0 scale mail
rPois    .         Spirit   .   (helmet restricted)
rElec    .         Reflect  .   (no cloak)
rCorr    .         Harm     .   k - +0 pair of gloves
MR       .....     NoTele   +   (no boots)
Stlth    ..........             (no amulet)
HPRegen  0.30/turn              (no ring)
MPRegen  0.10/turn              (no ring)

@: berserking, very quick
A: retaliatory headbutt, horns 2
a: Berserk, Trog's Hand, Renounce Religion


You were in the Dungeon.
You worshipped Trog.
Trog was most pleased with you.
You were near starving.

You visited 1 branch You collected 405 gold pieces.
You spent 108 gold pieces at shops.

Inventory:

Hand Weapons
 a - a +0 falchion (weapon)
Armour
 j - a +0 scale mail (worn)
 k - a +0 pair of gloves (worn)
Scrolls
 i - a scroll of blinking
Potions
 d - a potion of curing
 e - 2 potions of heal wounds
 f - a potion of haste
 g - 2 potions of magic
 h - a potion of berserk rage
Comestibles
 c - 3 rations


   Skills:
 + Level 11.5 Fighting
 * Level 15.2 Long Blades
 - Level 2.4 Armour
 + Level 9.8 Dodging


You had 7 spell levels left.
You didn't know any spells.
Your spell library was empty.

Dungeon Overview and Level Annotations

Branches:
Dungeon (1/1)

Altars:
Cheibriados
Dithmenos
Elyvilon
Fedhas
Gozag
Hepliaklqana
Kikubaaqudgha
Makhleb
Nemelex Xobeh
Okawaru
Qazlal
Ru
Sif Muna
Trog
Uskayaw
Vehumet
Wu Jian
Xom
Yredelemnul
Zin
The Shining One
Jiyva
Lugonu

Shops:
D [


Innate Abilities, Weirdness & Mutations

You reflexively headbutt those who attack you in melee.
You have a pair of horns on your head.


Message History

The demonic crawler is almost dead.
The demonic crawler misses you.
The demonic crawler completely misses you.
The demonic crawler hits you.
* * * LOW HITPOINT WARNING * * *
The demonic crawler hits you.
* * * LOW HITPOINT WARNING * * *
The demonic crawler hits you!
* * * LOW HITPOINT WARNING * * *
The demonic crawler hits you but does no damage.
You barely miss the demonic crawler.
The demonic crawler is almost dead.
You barely miss the demonic crawler. You headbutt the demonic crawler.
The demonic crawler is almost dead.
The demonic crawler hits you but does no damage.
The demonic crawler hits you!
* * * LOW HITPOINT WARNING * * *
The demonic crawler completely misses you.
The demonic crawler hits you.
You die...

#####################
.)..#..'..#__#..@ss.#
.#..').#..'..'..#ss.##+#
###'#####'#__####...'..#
##..#...#.#### #####..+
_####..##.# ##
____##'#_.+ .∩...÷..._#
..__##_.#'# ____###+#.#


You could see 4 demonic crawlers.

Vanquished Creatures
  2 kobold demonologists (D)
  A slime creature (D)
  Sigmund (D)
  A yak (D)
  A floating eye (D)
  An ogre (D)
  A jelly (D)
  Ijyb (D)
9 creatures vanquished.

Vanquished Creatures (others)
  A gargoyle (D)
1 creature vanquished.

Grand Total: 10 creatures vanquished

Notes
Turn   | Place    | Note
-------+----------+-------------------------------------------
     0 | D        | Kobolds4U the Minotaur Berserker began the quest for the
                  | Orb.
     0 | D        | Reached XP level 1. HP: 19/19 MP: 0/0
     1 | D        | Noticed Ijyb
    14 | D        | Killed Ijyb
    14 | D        | Reached skill level 5 in Fighting
    14 | D        | Reached skill level 6 in Long Blades
    14 | D        | Reached XP level 2. HP: 15/29 MP: 1/1
   168 | D        | Noticed an ogre
   171 | D        | Killed an ogre
   171 | D        | Reached skill level 9 in Long Blades
   171 | D        | Reached XP level 3. HP: 38/38 MP: 2/2
   171 | D        | Reached XP level 4. HP: 45/45 MP: 3/3
   211 | D        | Noticed Sigmund
   221 | D        | Killed Sigmund
   221 | D        | Reached ** piety under Trog
   221 | D        | Reached skill level 11 in Long Blades
   221 | D        | Reached XP level 5. HP: 14/56 MP: 4/4
   221 | D        | Reached XP level 6. HP: 15/62 MP: 5/5
   464 | D        | Found an ornate altar of the Wu Jian Council.
   464 | D        | Found a deep blue altar of Sif Muna.
   466 | D        | Found a radiant altar of Vehumet.
   495 | D        | Found Cukimm's Antique Armour Emporium.
   495 | D        | Found an ancient bone altar of Kikubaaqudgha.
   495 | D        | Found a hazy altar of Hepliaklqana.
   495 | D        | Found a hide-covered altar of Uskayaw.
   495 | D        | Found a basalt altar of Yredelemnul.
   495 | D        | Found an opulent altar of Gozag.
   495 | D        | Found a snail-covered altar of Cheibriados.
   495 | D        | Found a sacrificial altar of Ru.
   495 | D        | Found a shadowy altar of Dithmenos.
   495 | D        | Noticed a yak
   503 | D        | Killed a yak
   503 | D        | Reached skill level 12 in Long Blades
   504 | D        | Found a stormy altar of Qazlal.
   504 | D        | Found a blossoming altar of Fedhas.
   504 | D        | Found a bloodstained altar of Trog.
   504 | D        | Found an iron altar of Okawaru.
   504 | D        | Found a glowing golden altar of the Shining One.
   504 | D        | Found a glowing silver altar of Zin.
   504 | D        | Found a white marble altar of Elyvilon.
   584 | D        | Found a sparkling altar of Nemelex Xobeh.
   588 | D        | Bought a pair of gloves for 108 gold pieces
   605 | D        | Found a viscous altar of Jiyva.
   605 | D        | Found a corrupted altar of Lugonu.
   605 | D        | Noticed a slime creature
   606 | D        | Found a burning altar of Makhleb.
   606 | D        | Found a shimmering altar of Xom.
   618 | D        | Killed a slime creature
   618 | D        | Reached *** piety under Trog
   618 | D        | Reached skill level 10 in Fighting
   618 | D        | Reached skill level 13 in Long Blades
   618 | D        | Reached XP level 7. HP: 16/72 MP: 6/6
   805 | D        | Killed a gargoyle
   883 | D        | Noticed a kobold demonologist
   883 | D        | Noticed a kobold demonologist
   885 | D        | Paralysed by a floating eye for 2 turns
   887 | D        | Received a gift from Trog
   896 | D        | Killed a kobold demonologist
   896 | D        | Reached skill level 14 in Long Blades
   900 | D        | Killed a kobold demonologist
   900 | D        | Reached skill level 15 in Long Blades
   900 | D        | Reached XP level 8. HP: 82/82 MP: 7/7
   944 | D        | Noticed a demonic crawler
   944 | D        | Noticed a demonic crawler
   944 | D        | Noticed a demonic crawler
   944 | D        | Noticed a demonic crawler
   959 | D        | HP: 3/123 [demonic crawler (9)]
   959 | D        | Slain by a demonic crawler

Skill      XL: |  1  2  3  4  5  6  7 |
---------------+----------------------+-----
Fighting       | 5 6 8 10 11 | 11.5
Long Blades    | 6 9 11 13 15 | 15.2
Dodging        | 4 6 8 9 |  9.8
Armour         | |  2.4

Action                   |  1- 3 |  4- 6 |  7- 9 || total
-------------------------+-------+-------+-------++-------
Melee: Falchion          |    14 |    27 |    24 ||    65
       Headbutt          |     3 |    10 |     7 ||    20
Invok: Berserk           |     1 |       |     2 ||     3
  Eat: Chunk             |       |       |     1 ||     1
Armor: Animal skin       |     2 |       |       ||     2
       Scale mail        |       |     2 |    20 ||    22
Dodge: Dodged            |     6 |     7 |    31 ||    44
       Rpst.: Falchion   |       |       |     4 ||     4
